 Dungeon Crawl Stone Soup version 0.27-a0-538-g15ff5c5295 (webtiles) character file.

Game seed: 4360604478916702239

93 jasper the Vandal (level 4, -1/21 HPs)
             Began as a Spriggan Arcane Marksman on Mar 6, 2021.
             Slain by Natasha (8 damage)
             ... on level 4 of the Dungeon.
             The game lasted 00:03:31 (2410 turns).

jasper the Vandal (Spriggan Arcane Marksman)        Turns: 2410, Time: 00:03:32

Health: -1/21      AC:  2    Str:  6    XL:     4   Next: 37%
Magic:  7/7        EV: 17    Int: 14    God:
Gold:   162        SH:  0    Dex: 16    Spells: 2/5 levels left

rFire    . . .     SeeInvis +   a - +0 hunting sling
rCold    . . .     Faith    .   (shield restricted)
rNeg     . . .     Spirit   .   e - +0 robe
rPois    .         Reflect  .   (helmet restricted)
rElec    .         Harm     .   (no cloak)
rCorr    .         Rampage  .   (gloves unavailable)
Will     .....                  (boots unavailable)
Stlth    +.........             (no amulet)
HPRegen  0.07/turn              (no ring)
MPRegen  0.10/turn              (no ring)

@: slowed, quick
A: very small, unfitting armour, see invisible, speed 3
a: no special abilities


You were on level 4 of the Dungeon.
You visited 1 branch of the dungeon, and saw 4 of its levels.

You collected 162 gold pieces.

Inventory:

Hand Weapons
 a - a +0 hunting sling (weapon)
Missiles
 d - 8 sling bullets (quivered ammo)
 h - 21 stones
Armour
 e - a +0 robe (worn)
Jewellery
 m - an amulet of faith
Scrolls
 c - 2 scrolls of enchant weapon {unknown}
 g - 3 scrolls of identify {unknown}
 i - 2 scrolls of fear {unknown}
 k - 2 scrolls of teleportation {unknown}
 l - a scroll of immolation {unknown}
 n - a scroll of blinking {unknown}
 o - a scroll of magic mapping {unknown}
Potions
 b - a potion of invisibility {unknown}
 f - 3 potions of curing {unknown}
 j - a potion of attraction {unknown}


   Skills:
 - Level 0.7 Fighting
 + Level 5.3(5.4) Slings
 - Level 1.3(3.1) Throwing
 - Level 2.6 Dodging
 - Level 1.3 Spellcasting
 - Level 3.6 Hexes


You had 2 spell levels left.
You knew the following spells:

 Your Spells              Type           Power      Damage    Failure   Level
a - Corona                Hex            12%        N/A       6%          1
b - Slow                  Hex            11%        N/A       9%          2

Your spell library contained the following spells:

 Spells                   Type           Power      Damage    Failure   Level
 Inner Flame              Hex/Fire       6%         N/A       36%         3
 Portal Projectile        Hex/Tloc       12%        N/A       36%         3
 Cause Fear               Hex            5%         N/A       50%         4
 Leda's Liquefaction      Hex/Erth       3%         N/A       77%         4


Dungeon Overview and Level Annotations

Branches:
Dungeon (4/15)
 Temple: D:4-7

Altars:

Annotations:
D:3 Ijyb
D:4 Natasha


Innate Abilities, Weirdness & Mutations

You are very small and have problems with some larger weapons.
You are too small for most types of armour.
You have supernaturally acute eyesight. (SInv)
You cover ground extremely quickly. (Speed+++)


Message History

Fire: 14 sling bullets
Press: ? - help, Q - select action, (/) - cycle Shift-Dir - straight line, f/p - Natasha
Aim: Natasha (lightly wounded, 55% to hit)
You shoot a sling bullet. The sling bullet hits Natasha.
Natasha is heavily wounded.
Natasha stares at you and mumbles some strange words.
The magic dart hits you.
You take 5 damage, and have 16/21 hp.
MASSIVE DAMAGE!!
Fire: 13 sling bullets
Press: ? - help, Q - select action, (/) - cycle Shift-Dir - straight line, f/p - Natasha
Aim: Natasha (heavily wounded, 55% to hit)
You shoot a sling bullet. The sling bullet hits Natasha.
Natasha is severely wounded.
Fire: 12 sling bullets
Press: ? - help, Q - select action, (/) - cycle Shift-Dir - straight line, f/p - Natasha
Aim: Natasha (severely wounded, 55% to hit)
You shoot a sling bullet. The sling bullet barely misses Natasha.
Natasha stares at you and mumbles some strange words.
The magic dart hits you!
You take 9 damage, and have 7/21 hp.
MASSIVE DAMAGE!!
Fire: 11 sling bullets
Press: ? - help, Q - select action, (/) - cycle Shift-Dir - straight line, f/p - Natasha
Aim: Natasha (severely wounded, 55% to hit)
You shoot a sling bullet.
The sling bullet hits Natasha but does no damage.
Natasha is severely wounded.
Fire: 10 sling bullets
Press: ? - help, Q - select action, (/) - cycle Shift-Dir - straight line, f/p - Natasha
Aim: Natasha (severely wounded, 55% to hit)
You shoot a sling bullet.
The sling bullet hits Natasha but does no damage.
Natasha is severely wounded.
Natasha casts a spell at you.
You feel yourself slow down.
Fire: 9 sling bullets
Press: ? - help, Q - select action, (/) - cycle Shift-Dir - straight line, f/p - Natasha
Aim: Natasha (severely wounded, 55% to hit)
You shoot a sling bullet. The sling bullet barely misses Natasha.
Natasha claws you!
You die...

#
####(####
##
#.h.((..#
.. #@#
#.##.#
#..<.#
####.#
#.# ...
####


You could see Natasha.

Vanquished Creatures
  3 adders
  2 worms (D:2)
  6 bats
  2 giant cockroaches (D:1)
  11 goblins
  8 hobgoblins
  3 jackals (D:2)
  10 kobolds
  A ball python (D:2)
  6 frilled lizards
  3 rats
55 creatures vanquished.

Notes
Turn   | Place    | Note
-------+----------+-------------------------------------------
     0 | D:1      | jasper the Spriggan Arcane Marksman began the quest for the
                  | Orb.
     0 | D:1      | Reached XP level 1. HP: 9/9 MP: 3/3
   113 | D:1      | Reached skill level 1 in Throwing
   262 | D:1      | Reached XP level 2. HP: 14/14 MP: 5/5
   291 | D:1      | Reached skill level 3 in Slings
   830 | D:1      | Reached XP level 3. HP: 17/17 MP: 6/6
  1127 | D:2      | Reached skill level 4 in Slings
  1798 | D:2      | Reached XP level 4. HP: 20/21 MP: 7/7
  1801 | D:2      | Learned a level 2 spell: Slow
  1850 | D:2      | Reached skill level 5 in Slings
  2368 | D:3      | Noticed Ijyb
  2402 | D:4      | Noticed Natasha
  2410 | D:4      | Slain by Natasha

Illustrated notes

Levels and vault maps discovered:
D:1:      sevenhm_arrival_forest_fort_small_3, layout_basic, grunt_decor_clamped
D:2:      layout_loops_ring
D:3:      layout_loops_cross, lemuel_doored_altar, uniq_ijyb
D:4:      layout_loops_ring, gup_sewer_entry_bowl, minmay_misc_feat_pillars,
          uniq_natasha, uniq_menkaure, uniq_edmund

Skill      XL: |  1  2  3  4 |
---------------+-------------+-----
Throwing       | 1 |  1.3
Slings         | 3 4 5 |  5.3
Fighting       | |  0.7
Dodging        | |  2.6
Spellcasting   | |  1.3
Hexes          | |  3.6

Action                   |  1- 3 |  4- 6 || total
-------------------------+-------+-------++-------
 Fire: Hunting sling     |   173 |    34 ||   207
Armor: Robe              |     8 |     2 ||    10
Dodge: Dodged            |    51 |     9 ||    60

Table legend: (Time is in decaauts)
 A = Elapsed time spent in this place.
 B = Non-inter-level travel time spent in this place.
 C = Inter-level travel time spent in this place.
 D = Time resting spent in this place.
 E = Time spent auto-exploring this place.
 F = Levels seen in this place.
 G = Mean time per level.
                   A        B        C        D        E       F      G
               +--------+--------+--------+--------+--------+-----+--------+
         Total |   1804 |   1767 |     37 |      0 |   1408 |   4 |  451.0 |
       Dungeon |   1804 |   1767 |     37 |      0 |   1408 |   4 |  451.0 |
               +--------+--------+--------+--------+--------+-----+--------+

Top non-repeatable levels by time:
     D:2: 991 daAuts
     D:1: 696 daAuts
     D:3: 107 daAuts
     D:4: 9 daAuts
